 Dungeon Crawl Stone Soup version 0.28.0-45-g0d030f2227 (webtiles) character file.

Game seed: 8436731728931539135

20 seaoflcl the Skirmisher (level 3, 0/29 HPs)
             Began as a Human Berserker on Apr 10, 2022.
             Was a Follower of Trog.
             Slain by an adder (2 damage)
             ... on level 2 of the Dungeon.
             The game lasted 00:04:50 (577 turns).

seaoflcl the Skirmisher (Human Berserker)            Turns: 577, Time: 00:04:52

Health: 0/29       AC:  2    Str: 19    XL:     3   Next: 0%
Magic:  3/3        EV: 12    Int:  7    God:    Trog [*.....]
Gold:   20         SH:  0    Dex: 12    Spells: 2/2 levels left

rFire   . . .      SeeInvis .   d - +0 long sword
rCold   . . .      Faith    .   (no shield)
rNeg    . . .      Spirit   .   b - +0 animal skin
rPois   .          Reflect  .   (no helmet)
rElec   .          Harm     .   (no cloak)
rCorr   .          Rampage  .   (no gloves)
Will    .....                   (no boots)
Stlth   +.........              (no amulet)
HPRegen 0.09/turn               (no ring)
MPRegen 0.08/turn               (no ring)

@: lethally poisoned (0 -> -3)
A: no striking features
a: Renounce Religion, Berserk


You were on level 2 of the Dungeon.
You worshipped Trog.
Trog was aware of your devotion.
You visited 1 branch of the dungeon, and saw 2 of its levels.

You collected 20 gold pieces.

Inventory:

Hand Weapons
 a - a +0 mace
 c - a +0 hand axe
 d - a +0 long sword (weapon)
Armour
 b - a +0 animal skin (worn)
Scrolls
 e - a scroll of fog {unknown}
 f - a scroll of teleportation {unknown}


   Skills:
 + Level 3.4 Fighting
 * Level 0.4 Long Blades
 - Level 3.1 Maces & Flails
 * Level 2.2 Armour
 * Level 2.2 Dodging
 + Level 0.1 Stealth


You had 2 spell levels left.
You didn't know any spells.
Your spell library contained the following spells:

 Spells                   Type           Power      Damage    Failure   Level
 Animate Skeleton         Necr           0%         N/A       43%         1
 Apportation              Tloc           0%         N/A       43%         1
 Summon Small Mammal      Summ           0%         N/A       43%         1


Dungeon Overview and Level Annotations

Branches:
Dungeon (2/15)

Altars:


Message History

You closely miss the adder.
The adder is lightly wounded.
The adder closely misses you. The adder bites you but does no damage.
You closely miss the adder.
The adder is lightly wounded.
The adder bites you. The dart slug launches a dart at you.
The slug dart hits you.
You barely miss the adder.
The adder is lightly wounded.
The adder bites you. The adder barely misses you.
You are too injured to fight recklessly!
You are too injured to fight recklessly!
You are too injured to fight recklessly!
You hit the adder.
The adder is moderately wounded.
The adder closely misses you. The adder barely misses you.
You hit the adder.
The adder is moderately wounded.
The adder barely misses you. The adder bites you.
You are poisoned.
The adder poisons you!
You miss the adder.
The adder is moderately wounded.
You feel sick. The adder closely misses you.
The dart slug launches a dart at you. The slug dart misses you.
The slug dart misses the adder.
The adder barely misses you.
You feel sick. The dart slug closely misses you.
You completely miss the dart slug.
You feel sick. The adder misses you. The adder bites you.
* * * LOW HITPOINT WARNING * * *
The dart slug barely misses you.
You hit the dart slug but do no damage.
You feel sick.
You are no longer poisoned.
The adder bites you.
* * * LOW HITPOINT WARNING * * *
You are lethally poisoned!
The adder poisons you! The adder bites you.
You die...

##### #...#
#.#.# ...#
######### #..#
#.......# #..#
#S.....?#
#..###@......#
#.<..#w.......
#†.#..........
##.##...###.##
#..###..# ..
##. #.... . ..
.### #. .. .#
#.#


You could see an adder and a dart slug.

Vanquished Creatures
  2 ball pythons (D:1)
  A bat (D:1)
  2 endoplasms (D:1)
  A giant cockroach (D:1)
  3 goblins (D:1)
  2 hobgoblins (D:1)
  A quokka (D:1)
  4 frilled lizards
  A kobold (D:1)
  A rat (D:1)
18 creatures vanquished.

Notes
Turn   | Place    | Note
-------+----------+-------------------------------------------
     0 | D:1      | seaoflcl the Human Berserker began the quest for the Orb.
     0 | D:1      | Reached XP level 1. HP: 18/18 MP: 1/1
   230 | D:1      | Reached XP level 2. HP: 24/24 MP: 2/2
   562 | D:2      | Reached XP level 3. HP: 29/29 MP: 3/3
   577 | D:2      | Slain by an adder

Illustrated notes

Levels and vault maps discovered:
D:1:      dpeg_chamrin_arrival_tetris, layout_loops_ring,
          ebering_dispersal_statue_hall, minivault_24, solitary_fountain,
          st_stairs_1, minmay_split_cup_small
D:2:      layout_rooms, serial_shops, shop

Action                   || total
-------------------------++-------
Melee: Mace              ||     6
       Long sword        ||    44
       Punch             ||     1
 Stab: Sleeping          ||     3
Armor: Animal skin       ||     9
Dodge: Dodged            ||    42
